Map: Odyssey LE

Players

Winthrowe - Winner!

  • Race: Terran Terran
  • League: Silver
  • Spawn Location: 5:00

A.I. 1 (Medium)

  • Race: Terran Terran
  • Spawn Location: 11:00

VOD

Have the link to the VOD?

Description

Time

  • Played on: Aug. 20, 2017, 10:16 p.m.
  • Length: 10:49
Show
View Real Time Build Order
Export as new Build Order

Winthrowe Terran - Winner!

Build Orders: MMM Bio 

Get SALT Encoding   

  12  0:01  SCV  
  13  0:13  SCV  
  14  0:21  Supply Depot  
  14  0:25  SCV  
  15  0:43  SCV  
  15  0:44  Barracks  
  16  0:55  SCV  
  16  0:56  Refinery  
  17  1:08  SCV  
  18  1:23  SCV  
  19  1:35  SCV  
  20  1:42  Barracks Reactor  
  20  1:43  Command Center  
  20  1:47  SCV  
  21  1:55  Refinery  
  21  2:00  SCV  
  22  2:12  SCV  
  23  2:35  Supply Depot  
  23  2:36  Supply Depot  
  23  2:40  Factory  
  23  2:55  Marine x2, SCV  
  26  3:01  SCV  
  27  3:08  SCV  
  28  3:12  Marine x2  
  28  3:14  SCV  
  31  3:21  SCV  
  32  3:30  Marine x2  
  32  3:32  Starport  
  32  3:33  SCV  
  35  3:42  Factory Tech Lab  
  35  3:45  SCV  
  36  3:50  Barracks  
  36  3:56  Barracks  
  36  3:57  SCV x2  
  36  4:01  Marine  
  36  4:02  Marine  
  40  4:09  SCV  
  42  4:10  SCV  
  42  4:12  Starport Tech Lab  
  42  4:18  Supply Depot  
  42  4:24  Marine  
  43  4:27  SCV  
  44  4:32  Orbital Command  
  44  4:40  Supply Depot  
  44  4:41  Supply Depot  
  44  4:44  Supply Depot  
  44  5:03  Supply Depot  
  44  5:12  Marine x2  
  40  5:27  Factory Reactor  
  40  5:29  Starport Reactor  
  40  5:30  Marine x2  
  40  5:31  Stimpack  
  40  5:32  Combat Shields  
  42  5:44  Engineering Bay  
  42  5:47  Marine  
  42  5:48  Marine  
  42  5:49  Engineering Bay  
  44  5:52  Supply Depot  
  44  5:59  Marine x2  
  46  6:05  Marine  
  46  6:06  Marine  
  48  6:11  Medivac x2  
  48  6:14  Supply Depot  
  48  6:17  Marine x2  
  54  6:23  Marine  
  54  6:24  Marine  
  56  6:29  SCV x2  
  58  6:35  Marine x2  
  60  6:40  Supply Depot  
  60  6:41  Marine x2, Medivac x2  
  66  6:51  Concussive Shells  
  66  6:53  Marauder x2  
  70  6:56  Terran Infantry Weapons Level 1  
  70  6:58  Terran Infantry Armor Level 1, Command Center  
  70  7:04  Supply Depot  
  70  7:08  Armory  
  70  7:10  Marine  
  70  7:11  Marine  
  70  7:15  Marauder x2  
  76  7:26  Cyclone x2  
  76  7:28  Marine  
  83  7:32  Marine  
  83  7:36  Marauder x2  
  88  7:46  Marine  
  88  7:50  Marine  
  90  7:57  Marauder x2  
  91  8:04  Marine  
  88  8:08  Marine  
  88  8:11  Viking  
  91  8:19  Marauder x2  
  95  8:22  Marine  
  95  8:26  Marine  
  97  8:40  Marine, Marauder x2  
  102  8:44  Marine  
  103  8:57  Marine  
  103  9:01  Marauder  
  103  9:02  Marine, Marauder  
  109  9:10  Cyclone  
  109  9:11  Cyclone  
  109  9:15  Marine  
  116  9:19  Marine  
  116  9:23  Marauder x2  
  121  9:33  Marine  
  121  9:37  Marine  
  123  9:42  Cyclone  
  123  9:44  Marauder x2  
  130  9:51  Marine  
  131  9:55  Marine  
  132  10:05  Marine x2  
  134  10:16  Marine x2  
  134  10:23  Marine x2  
Show
View Real Time Build Order
Export as new Build Order

A.I. 1 (Medium) Terran 

Build Orders:  

Get SALT Encoding   

  12  0:00  SCV  
  13  0:13  SCV  
  14  0:18  Supply Depot  
  14  0:25  SCV  
  15  0:39  SCV  
  16  0:44  Barracks  
  16  0:49  Refinery  
  16  0:51  SCV  
  17  1:03  SCV  
  18  1:18  Supply Depot  
  18  1:31  Barracks Tech Lab  
  18  1:33  Orbital Command  
  18  1:45  Barracks  
  18  1:49  Marauder  
  20  2:07  Supply Depot  
  20  2:08  SCV  
  21  2:10  Marine  
  22  2:16  Refinery  
  22  2:20  SCV  
  23  2:28  Marine  
  23  2:29  Engineering Bay  
  24  2:32  Marine, SCV  
  26  2:44  SCV  
  26  2:46  Marauder  
  26  2:50  Marine  
  30  2:56  SCV  
  31  3:08  SCV  
  32  4:26  Barracks Tech Lab, Marine, SCV  
  32  4:27  Missile Turret  
  32  4:30  Supply Depot  
  32  4:31  Missile Turret  
  34  4:34  Factory  
  34  4:39  Sensor Tower, Command Center  
  34  4:40  Barracks  
  34  4:44  Marine  
  35  4:47  Marine  
  35  4:51  Bunker  
  36  4:55  Supply Depot  
  36  5:02  Marauder  
  36  5:05  Marauder  
  36  5:19  Armory  
  32  5:23  Marine, Starport, Factory Tech Lab  
  32  5:27  Barracks Reactor, Marauder  
  35  5:41  Marauder  
  37  5:47  Marine  
  38  5:52  SCV  
  38  5:55  SCV  
  40  6:00  Starport Tech Lab, Refinery  
  40  6:01  Missile Turret  
  40  6:02  Marine  
  40  6:03  Missile Turret  
  40  6:04  SCV  
  42  6:06  Marine  
  42  6:07  SCV  
  44  6:14  Marine  
  44  6:16  SCV  
  46  6:19  SCV  
  46  6:21  Raven  
  46  6:23  Bunker  
  49  6:28  SCV  
  49  6:31  SCV  
  51  6:40  SCV  
  51  6:43  SCV  
  53  6:52  SCV  
  54  6:55  SCV  
  54  6:59  Refinery  
  55  7:03  Raven  
  55  7:04  SCV  
  55  7:07  SCV  
  59  7:16  SCV  
  59  7:19  SCV  
  61  7:28  SCV  
  62  7:31  SCV  
  62  7:34  Supply Depot  
  63  7:41  SCV  
  63  7:43  SCV  
  65  7:53  SCV  
  65  7:55  SCV  
  65  7:56  Marine  
  65  8:04  Raven  
  65  8:05  Marine, SCV  
  51  8:08  SCV  
  51  8:12  Marine  
  48  8:13  Factory  
  48  8:17  SCV  
  48  8:18  Starport  
  48  8:19  Marine  
  49  8:21  Supply Depot  
  49  8:26  Marine  
  37  8:33  Marine  
  35  8:40  Marine  
  32  8:48  Marine  
  29  8:54  Starport Tech Lab  
  28  8:57  Factory Tech Lab  
  28  8:59  Marauder  
  29  9:06  Marauder  
  29  9:09  Marine  
  30  9:16  Marine  
  29  9:24  Marine  
  28  9:26  SCV  
  28  9:31  Marine  
  11  9:38  SCV  
  9  9:49  Command Center  
  9  9:51  Factory  
  7  9:54  Barracks Tech Lab  
Tags
 
Composition
MMM Bio
League
Silver
Matchup
TvT
Race
Terran
Spawn Locations
Cross Positions
Add a new tag
Caveats
  • Supply blocks, unpowered buildings, or Contaminate may cause inaccurate times.
  • Supply counts are checked every 10 seconds.